 Dungeon Crawl Stone Soup version 0.23.2-33-g5129a83184 (webtiles) character file.

Game seed: 12993047130206651052

163 Hebeh the Conjurer (level 5, 0/28 HPs)
             Began as a Deep Elf Conjurer on July 1, 2019.
             Killed by divine providence
             ... invoked by an orc priest
              (13 damage)
             ... on level 4 of the Dungeon.
             The game lasted 00:12:28 (2323 turns).

Hebeh the Conjurer (Deep Elf Conjurer)              Turns: 2323, Time: 00:12:29

Health: 0/28       AC:  4    Str:  5    XL:     5   Next: 20%
Magic:  5/15       EV: 13    Int: 21    God:
Gold:   162        SH:  0    Dex: 15    Spells: 14/15 levels left

rFire    . . .     SeeInvis .   b - +0 hunting sling
rCold    . . .     Gourm    .   (no shield)
rNeg     . . .     Faith    .   g - +0 robe
rPois    .         Spirit   .   (no helmet)
rElec    .         Reflect  .   d - +0 cloak
rCorr    .         Harm     .   i - +0 pair of gloves
MR       .....                  (no boots)
Stlth    ++........             (no amulet)
HPRegen  0.09/turn              (no ring)
MPRegen  0.14/turn              (no ring)

@: no status effects
A: no striking features
a: no special abilities


You were on level 4 of the Dungeon.
You were not hungry.

You visited 1 branch of the dungeon, and saw 4 of its levels.

You collected 162 gold pieces.

Inventory:

Hand Weapons
 a - a +0 short sword
 b - a +0 hunting sling (weapon)
 h - a +2 vampiric spear
Missiles
 f - 117 stones
 q - 44 sling bullets (quivered)
Armour
 d - a +0 cloak (worn)
 g - a +0 robe (worn)
 i - a +0 pair of gloves (worn)
Wands
 u - a wand of acid (8)
Scrolls
 e - 6 scrolls of identify {unknown}
 m - a scroll of noise {unknown}
 n - a scroll of enchant armour {unknown}
 r - a scroll of fog {unknown}
Potions
 j - 4 potions of curing {unknown}
 l - a potion of lignification {unknown}
 o - a potion of heal wounds {unknown}
 p - a potion of berserk rage {unknown}
Comestibles
 c - 5 rations
 t - 2 chunks of flesh


   Skills:
 - Level 2.4 Dodging
 - Level 2.4 Stealth
 + Level 5.6 Spellcasting
 + Level 5.9 Conjurations


You had 14 spell levels left.
You knew the following spells:

 Your Spells              Type           Power        Failure   Level  Hunger
a - Magic Dart            Conj           ####         1%          1    None

Your spell library contained the following spells:

 Spells                   Type           Power        Failure   Level  Hunger
 Searing Ray              Conj           ####..       1%          2    None
 Dazzling Spray           Conj/Hex       ###...       9%          3    ##.....
 Iskenderun's Mystic Bla  Conj           ####....     9%          4    ####...
 Force Lance              Conj/Tloc      ###.....     30%         4    ####...
 Fulminant Prism          Conj/Hex       ###.......   30%         4    ####...


Dungeon Overview and Level Annotations

Branches:
Dungeon (4/15)
 Temple: D:4-7

Altars:
Dithmenos
Fedhas

Shops:
D:4 (?


Message History

Casting: Magic Dart (safe; 1% risk of failure)
Confirm with . or Enter, or press ? or * to list all spells.
Aiming: Magic Dart (safe; 1% risk of failure)
Press: ? - help, Shift-Dir - straight line, f/p - howler monkey
Aim: a howler monkey (moderately wounded, catching its breath)
The magic dart hits the howler monkey but does no damage.
The howler monkey is moderately wounded.
The howler monkey hoots and howls with incredible vigour!
You hear a shout! x3
Casting: Magic Dart (safe; 1% risk of failure)
Confirm with . or Enter, or press ? or * to list all spells.
Aiming: Magic Dart (safe; 1% risk of failure)
Press: ? - help, Shift-Dir - straight line, f/p - howler monkey
Aim: a howler monkey (moderately wounded, catching its breath)
The magic dart hits the howler monkey.
The howler monkey is severely wounded.
The howler monkey hits you but does no damage. x2
The orc priest invokes the aid of Beogh against you.
Beogh smites you!
You die...

###+### #
##.....# "#
#......# ..##.
#......#..∩...
#.....@ho.....
#.....)#o∩....
##.....# ####+
##.....#
#......#
#......#
#......#
#......#
#......#


You could see a howler monkey, an orc priest and an orc.

Vanquished Creatures
  A howler monkey (D:2)
  4 adders
  3 gnolls (D:2)
  An ooze (D:1)
  A dart slug (D:2)
  3 leopard geckos
  4 orcs
  2 bats
  6 goblins
  4 hobgoblins
  2 jackals (D:1)
  7 kobolds
  4 ball pythons
  A frilled lizard (D:1)
  4 rats
47 creatures vanquished.

Notes
Turn   | Place    | Note
-------+----------+-------------------------------------------
     0 | D:1      | Hebeh the Deep Elf Conjurer began the quest for the Orb.
     0 | D:1      | Reached XP level 1. HP: 10/10 MP: 6/6
   229 | D:1      | Reached XP level 2. HP: 15/15 MP: 4/8
  1135 | D:2      | Reached skill level 5 in Conjurations
  1135 | D:2      | Reached XP level 3. HP: 19/19 MP: 8/10
  1412 | D:2      | Reached XP level 4. HP: 24/24 MP: 12/12
  1452 | D:2      | Reached skill level 5 in Spellcasting
  1935 | D:3      | Found a blossoming altar of Fedhas.
  1991 | D:3      | Found a shadowy altar of Dithmenos.
  1993 | D:3      | Reached XP level 5. HP: 28/28 MP: 11/14
  2310 | D:4      | Found Zawkit's Weapon Boutique.
  2310 | D:4      | Found Liskaoll's Magic Scroll Shoppe.
  2323 | D:4      | Killed from afar by an orc priest

Skill      XL: |  1  2  3  4 |
---------------+-------------+-----
Spellcasting   | 4 5 |  5.6
Conjurations   | 5 |  5.9
Dodging        | |  2.4
Stealth        | |  2.4

Action                   |  1- 3 |  4- 6 || total
-------------------------+-------+-------++-------
 Fire: Hunting sling     |    16 |       ||    16
 Cast: Magic Dart        |    57 |    39 ||    96
  Eat: Chunk             |     1 |     3 ||     4
Armor: Robe              |     1 |     3 ||     4
Dodge: Dodged            |    11 |     3 ||    14
